 Dungeon Crawl Stone Soup version 0.28-a0-199-g298df9dbad (webtiles) character file.

Game seed: 16510583574525248419

1666 Maimakterion the Blocker (level 9, -8/71 HPs)
             Began as a Formicid Fighter on Aug 19, 2021.
             Was an Initiate of Gozag.
             Mangled by an orc warrior (10 damage)
             ... on level 6 of the Dungeon.
             The game lasted 00:10:45 (7488 turns).

Maimakterion the Blocker (Formicid Fighter)         Turns: 7488, Time: 00:10:45

Health: -8/71      AC: 11    Str: 25    XL:     9   Next: 20%
Magic:  9/9        EV:  8    Int:  7    God:    Gozag
Gold:   137        SH: 10    Dex: 10    Spells: 8/8 levels left

rFire   . . .      SeeInvis +   a - +0 long sword
rCold   . . .      Faith    .   c - +0 kite shield
rNeg    . . .      Spirit   .   j - +0 chain mail
rPois   .          Reflect  .   (helmet unavailable)
rElec   .          Harm     .   (no cloak)
rCorr   .          Rampage  .   i - +0 pair of gloves
Will    +....                   (no boots)
Stlth   ..........              (no amulet)
HPRegen 0.21/turn               p - ring of willpower
MPRegen 0.11/turn               (no ring)

@: no status effects
A: permanent stasis, dig shafts and tunnels, antennae 3, four strong arms
a: Dig, Shaft Self, Renounce Religion, Potion Petition, Call Merchant, Bribe
Branch


You were on level 6 of the Dungeon.
You worshipped Gozag.
Gozag was aware of your devotion.
You visited 2 branches of the dungeon, and saw 7 of its levels.

You collected 611 gold pieces.
You paid 474 gold pieces to Gozag.

Inventory:

Hand Weapons
 a - a +0 long sword (weapon)
Missiles
 q - 2 throwing nets
Armour
 c - a +0 kite shield (worn)
 i - a +0 pair of gloves (worn)
 j - a +0 chain mail (worn)
Jewellery
 p - a ring of willpower (left hand)
Wands
 d - a wand of digging (7)
 e - a wand of mindburst (9)
 o - a wand of iceblast (9)
Scrolls
 b - a scroll of acquirement {unknown}
 f - a scroll of fog {unknown}
 g - 2 scrolls of blinking {unknown}
 h - 3 scrolls of noise {unknown}
 m - 3 scrolls of holy word {unknown}


   Skills:
 * Level 6.4 Fighting
 + Level 6.1 Long Blades
 + Level 6.5 Armour
 * Level 8.1 Shields


You had 8 spell levels left.
You didn't know any spells.
Your spell library contained the following spells:

 Spells                   Type           Power      Damage    Failure   Level
 Animate Skeleton         Necr           0%         N/A       97%         1
 Apportation              Tloc           0%         N/A       97%         1
 Corona                   Hex            0%         N/A       97%         1
 Shock                    Conj/Air       0%         1d3       97%         1
 Summon Small Mammal      Summ           0%         N/A       97%         1
 Gell's Gravitas          Tloc           0%         N/A       100%        3
 Teleport Other           Tloc           0%         N/A       100%        3
 Airstrike                Air            0%         N/A       100%        4
 Animate Armour           Summ/Erth      0%         N/A       100%        4
 Blade Hands              Tmut           0%         N/A       100%        5
 Dispersal                Tloc           0%         N/A       100%        6
 Iron Shot                Conj/Erth      0%         9d1       100%        6
 Swiftness                Air            Unusable   N/A       N/A         3

Dungeon Overview and Level Annotations

Branches:
Dungeon (6/15)             Temple (1/1) D:5

Altars:
Ashenzari
Cheibriados
Elyvilon
Gozag
Hepliaklqana
Qazlal
Ru
Trog
Uskayaw
Wu Jian
Xom
The Shining One


Innate Abilities, Weirdness & Mutations

You cannot be hasted, slowed, berserked, paralysed or teleported.
You can dig through walls and to a lower floor.
You have a pair of large antennae on your head. (SInv)
Your four strong arms can wield two-handed weapons with a shield.


Message History

The orc warrior is severely wounded.
The orc warrior barely misses you.
The orc warrior hits you with a +0 dire flail.
* * * LOW HITPOINT WARNING * * *
You take 6 damage, and have 13/71 hp.
You aren't carrying any potions.
You barely miss the orc warrior.
The orc warrior is severely wounded.
You block the orc warrior's attack.
You closely miss the orc warrior.
The orc warrior is severely wounded.
The orc warrior barely misses you.
You hit the orc warrior.
The orc warrior is severely wounded.
You block the orc warrior's attack.
Your chain mail prevents you from hitting the orc warrior.
The orc warrior is severely wounded.
You block the orc warrior's attack.
You hit the orc warrior.
The orc warrior is severely wounded.
The orc warrior hits you with a +0 dire flail!
* * * LOW HITPOINT WARNING * * *
You take 14 damage, and have 1/71 hp.
Found a runed robe.
There is an escape hatch in the floor here.
Okay, then.
Really read the scroll of torment?
As you read the scroll of torment, it crumbles to dust.
You feel a surge of unholy energy.
The orc warrior convulses!
The orc convulses!
You block the orc warrior's attack.
You hit the orc warrior but do no damage.
The orc warrior is almost dead.
The orc warrior hits you with a +0 dire flail.
* * * LOW HITPOINT WARNING * * *
You take 1 damage, and have 1/71 hp.
You barely miss the orc warrior.
The orc warrior is almost dead.
The orc warrior hits you with a +0 dire flail!
You die...
Your body crumbles into a pile of gold.

{ ##...#
#.#.# $
#.#...
###.#
..#
#...#
...#
#..##
#+# #oo+
#o## #@#
#..#
...#
....#
.#....
#.###.[.
. #.. {
# ...


You could see an orc warrior and 2 orcs.

Vanquished Creatures
  Edmund (D:5)
  A water moccasin (D:4)
  An ice beast (D:4)
  An orc warrior (D:4)
  3 necrophages
  3 ogres (D:5)
  A centaur (D:5)
  A scorpion (D:6)
  A bullfrog zombie (D:5)
  2 centaur zombies (D:6)
  4 hounds
  A jelly (D:5)
  2 orc priests
  A bullfrog skeleton (D:5)
  An iguana (D:5)
  An orc wizard (D:5)
  9 adders
  2 gnolls (D:5)
  A white imp (D:6)
  2 adder skeletons (D:4)
  A worm (D:2)
  5 dart slugs
  10 orcs
  4 endoplasms
  6 giant cockroaches
  6 goblins
  7 hobgoblins
  6 jackals
  7 kobolds
  3 quokkas
  10 ball pythons
  4 bats
  7 frilled lizards
  4 rats
119 creatures vanquished.

Vanquished Creatures (others)
  A bat (D:2)
  13 plants (D:2)
14 creatures vanquished.

Grand Total: 133 creatures vanquished

Notes
Turn   | Place    | Note
-------+----------+-------------------------------------------
     0 | D:1      | Maimakterion the Formicid Fighter began the quest for the
                  | Orb.
     0 | D:1      | Reached XP level 1. HP: 18/18 MP: 1/1
   280 | D:1      | Reached XP level 2. HP: 13/24 MP: 2/2
   488 | D:1      | Reached skill level 4 in Shields
   826 | D:1      | Reached XP level 3. HP: 22/29 MP: 3/3
   918 | D:1      | Found a faded altar of an unknown god.
  1545 | D:2      | Reached XP level 4. HP: 30/37 MP: 4/4
  2721 | D:3      | Found a hazy altar of Hepliaklqana.
  3314 | D:4      | Reached XP level 5. HP: 42/42 MP: 5/5
  3433 | D:4      | Found a sacrificial altar of Ru.
  3449 | D:4      | Became a worshipper of Ru the Awakened
  3655 | D:4      | Identified the +1 robe of Gimi {Str+3 Stlth+}
  3664 | D:4      | Reached skill level 5 in Shields
  3978 | D:4      | Noticed a water moccasin
  4000 | D:4      | Killed a water moccasin
  4001 | D:4      | Reached XP level 6. HP: 16/49 MP: 6/6
  4511 | D:4      | Noticed an ice beast
  4528 | D:4      | Killed an ice beast
  4529 | D:4      | Reached XP level 7. HP: 49/55 MP: 7/7
  4742 | D:5      | Entered Level 5 of the Dungeon
  4768 | D:5      | Found a staircase to the Ecumenical Temple.
  4781 | Temple   | Entered the Ecumenical Temple
  4874 | Temple   | Fell from the grace of Ru
  4874 | Temple   | Became a worshipper of Gozag Ym Sagoz the Greedy
  5200 | D:5      | Reached skill level 6 in Shields
  5310 | D:5      | Reached skill level 5 in Fighting
  5338 | D:5      | Reached skill level 5 in Armour
  5449 | D:5      | Found a hide-covered altar of Uskayaw.
  5588 | D:5      | Reached XP level 8. HP: 62/62 MP: 8/8
  5606 | D:5      | Reached skill level 5 in Long Blades
  5733 | D:5      | Identified the +1 chain mail of Quantum Leap {Int+5 Dex-4}
  5813 | D:6      | Reached skill level 7 in Shields
  6616 | D:5      | Noticed Edmund
  6645 | D:5      | HP: 2/96 [Edmund (7)]
  6646 | D:5      | Killed Edmund
  7023 | D:5      | Reached XP level 9. HP: 67/69 MP: 9/9
  7335 | D:6      | Reached skill level 8 in Shields
  7480 | D:6      | HP: 1/71 [orc warrior (14)]
  7487 | D:6      | HP: 1/71 [orc warrior (1)]
  7488 | D:6      | Mangled by an orc warrior

Illustrated notes

Levels and vault maps discovered:
D:1:      lightli_arrival_farm, layout_loops_corners,
          shapermc_ecumenical_altar_starsandcircs, solitary_fountain
D:2:      layout_basic, serial_bayou, serial_bayou_pond_c, serial_bayou_pond_c,
          serial_bayou_crossing, serial_bayou_pond_b, minmay_lizard_pond
D:3:      layout_loops_ring, nicolae_hepliaklqana_hazy_memory
D:4:      layout_loops_cross, mainiacjoe_overflow_catwalk,
          kennysheep_generic_room_6
D:5:      minmay_octagon_keep, layout_loops_ring, general_overflow_altar,
          minmay_temple_entry_arrows, uniq_edmund
D:6:      layout_rooms, led_sif_pool, minmay_misc_feat_encased,
          kennysheep_cross_room, uniq_crazy_yiuf_cottage, uniq_sigmund
Temple:   compressed_dpeg_triangle_lava_temple

Skill      XL: |  1  2  3  4  5  6  7  8  9 |
---------------+----------------------------+-----
Shields        | 4 5 6 7 8 |  8.1
Fighting       | 4 5 6 |  6.4
Long Blades    | 3 4 5 6 |  6.1
Armour         | 4 5 6 |  6.5

Action                   |  1- 3 |  4- 6 |  7- 9 || total
-------------------------+-------+-------+-------++-------
Melee: Long sword        |   125 |   161 |   266 ||   552
Invok: Potion Petition   |       |       |     1 ||     1
 Abil: Dig               |     1 |     2 |     2 ||     5
  Use: Scroll            |       |     4 |     2 ||     6
       Potion            |       |     3 |     4 ||     7
Armor: Scale mail        |    57 |    79 |       ||   136
       Chain mail        |       |       |   105 ||   105
       Skin              |       |       |     2 ||     2
Dodge: Dodged            |    52 |    71 |    88 ||   211
Block: Kite shield       |    68 |    99 |   152 ||   319
       Rpst.: Long sword |    15 |    24 |    28 ||    67

Table legend: (Time is in decaauts)
 A = Elapsed time spent in this place.
 B = Non-inter-level travel time spent in this place.
 C = Inter-level travel time spent in this place.
 D = Time resting spent in this place.
 E = Time spent auto-exploring this place.
 F = Levels seen in this place.
 G = Mean time per level.
                   A        B        C        D        E       F      G
               +--------+--------+--------+--------+--------+-----+--------+
         Total |   7701 |   7515 |    186 |   2259 |   3814 |   7 | 1100.1 |
       Dungeon |   7590 |   7423 |    167 |   2259 |   3747 |   6 | 1265.0 |
        Temple |    111 |     92 |     19 |      0 |     67 |   1 |  111.0 |
               +--------+--------+--------+--------+--------+-----+--------+

Top non-repeatable levels by time:
     D:5: 2093 daAuts
     D:4: 1737 daAuts
     D:1: 1432 daAuts
     D:2: 1188 daAuts
     D:3: 793 daAuts
     D:6: 345 daAuts
  Temple: 111 daAuts
